 Dungeon Crawl Stone Soup version 0.19.1 (webtiles) character file.

467 Rrauwl the Grave Robber (level 6, 0/52 HPs)
             Began as a Deep Dwarf Necromancer on Nov 25, 2016.
             Was a Follower of Qazlal.
             Killed by nerve-wracking pain
             ... invoked by Grinder
              (12 damage)
             ... on level 4 of the Dungeon.
             The game lasted 00:23:14 (3003 turns).

Rrauwl the Grave Robber (Deep Dwarf Necromancer)    Turns: 3003, Time: 00:23:15

Health: 0/52       AC: 15    Str: 12    XL:     6   Next: 81%
Magic:  9/9        EV:  4    Int: 17    God:    Qazlal [*.....]
Gold:   124        SH:  2    Dex: 13    Spells: 0 memorised, 9 levels left

rFire  . . .     SeeInvis .     m - +1 hand axe
rCold  . . .     Gourm    .     e - +0 plate armour
rNeg   . . .     Faith    .     (no shield)
rPois  .         Spirit   .     (no helmet)
rElec  .         Reflect  .     (no cloak)
rCorr  .         Harm     .     i - +0 pair of gloves
MR     .....                    o - +1 pair of boots {Stlth+}
Stlth  ..........               (no amulet)
                                (no ring)
                                r - ring of wizardry

@: non-regenerating
A: damage resistance, recharge devices, mutation resistance 1, sense
surroundings 1, slow regeneration 3, wild magic 1
a: Device Recharging, Renounce Religion


You were on level 4 of the Dungeon.
You worshipped Qazlal.
Qazlal was aware of your devotion.
You were not hungry.

You visited 1 branch of the dungeon, and saw 4 of its levels.

You collected 124 gold pieces.

Inventory:

Hand Weapons
 m - a +1 hand axe (weapon)
Armour
 a - a +0 robe
 e - a +0 plate armour (worn)
 i - a +0 pair of gloves (worn)
 o - a +1 pair of boots of stealth (worn)
Jewellery
 n - an uncursed amulet of guardian spirit
 r - a ring of wizardry (left hand)
Wands
 c - a wand of heal wounds (0/9)
 v - a wand of digging (11/24)
Scrolls
 h - a scroll of remove curse
 l - a scroll of fear
 q - 4 scrolls of identify
 s - 3 scrolls of blinking
 u - a scroll of enchant armour
Books
 b - a book of Necromancy

   Spells                             Type                      Level
   a - Pain                           Necromancy                   1
   b - Animate Skeleton               Necromancy                   1
   c - Vampiric Draining              Necromancy                   3
   d - Regeneration                   Charms/Necromancy            3
   e - Animate Dead                   Necromancy                   4
   f - Control Undead                 Necromancy                   4
Comestibles
 d - 3 bread rations
 g - a beef jerky
 j - a meat ration
 k - a royal jelly
 p - a slice of pizza


   Skills:
 + Level 1.6 Fighting
 + Level 4.0 Axes
 + Level 4.3 Armour
 - Level 3.1 Dodging
 - Level 2.4 Stealth
 - Level 2.3 Spellcasting
   Level 5.0 Necromancy


You had 9 spell levels left.
You didn't know any spells.

Dungeon Overview and Level Annotations

Branches:
Dungeon (4/15)
 Temple: D:4-7

Altars:
Qazlal

Annotations:
D:4 Grinder


Innate Abilities, Weirdness & Mutations

You are resistant to damage.
You can recharge devices by infusing magical energy.
You passively map a small area around you.
You do not regenerate.
You are somewhat resistant to further mutation.
Your spells are a little harder to cast, but a little more powerful.


Message History

Grinder is heavily wounded.
Grinder hits you but does no damage.
Your plate armour prevents you from hitting Grinder.
Grinder is heavily wounded.
Grinder hits you!
* * * LOW HITPOINT WARNING * * *
You hit Grinder.
Grinder is heavily wounded.
Grinder hits you.
You writhe in agony.
* * * LOW HITPOINT WARNING * * *
You slash Grinder!
Grinder is severely wounded.
Grinder gestures at you. You resist with significant effort.
You hit Grinder but do no damage.
Grinder is severely wounded.
Grinder blinks!
Grinder gestures at you. Pain shoots through your body!
You die...

#......##########.###.#..
#......##...........#)..(
#......##........##.##...
#......##........##.##...
###...#.#........##.##...
#.....5.(......##.##...
#.........#######.##..#
##.....§.........'###.#
#.....@...###.......#.#
##.....§.#.##.......#.#
#..................#..
#......(..........###.
#..........###....# #.
#.........## #....# #.
######...#####....# ##
*,,.$...........## #
#####.######.## #


You could see Grinder.

Vanquished Creatures
  The ghost of Damokl the Sneak, an amateur VSEn (D:3)
  A howler monkey (D:4)
  A hound (D:4)
  An orc priest (D:3)
  2 orc wizards (D:3)
  A worker ant (D:4)
  A hound skeleton (D:3)
  9 adders
  4 oozes
  A worm (D:2)
  2 dart slugs
  3 leopard geckos (D:4)
  7 orcs (D:3)
  6 bats
  3 giant cockroaches (D:1)
  9 goblins
  6 hobgoblins
  5 jackals
  6 kobolds
  A ball python (D:3)
  2 frilled lizards
  4 rats
76 creatures vanquished.

Notes
Turn   | Place    | Note
-------+----------+-------------------------------------------
     0 | D:1      | Rrauwl the Deep Dwarf Necromancer began the quest for the Orb.
     0 | D:1      | Reached XP level 1. HP: 15/15 MP: 3/3
   222 | D:1      | Reached XP level 2. HP: 11/22 MP: 4/4
   523 | D:1      | Reached XP level 3. HP: 25/28 MP: 0/6
   726 | D:2      | Reached skill level 5 in Necromancy
   889 | D:2      | Found a stormy altar of Qazlal.
   897 | D:2      | Became a worshipper of Qazlal Stormbringer
  1280 | D:2      | Reached XP level 4. HP: 29/36 MP: 7/7
  1442 | D:3      | Reached skill level 1 in Axes
  1442 | D:3      | Reached skill level 1 in Armour
  1564 | D:3      | Noticed Damokl's ghost (amateur VSEn)
  1585 | D:3      | Killed Damokl's ghost
  1585 | D:3      | Reached XP level 5. HP: 27/42 MP: 8/8
  1972 | D:3      | Reached XP level 6. HP: 16/50 MP: 9/9
  1979 | D:3      | Reached * piety under Qazlal
  1987 | D:3      | Reached skill level 1 in Fighting
  2932 | D:4      | Noticed Grinder
  2967 | D:4      | Gained mutation: Your spells are a little harder to cast, but a little more powerful. [potion of mutation]
  2967 | D:4      | Gained mutation: You are somewhat resistant to further mutation. [potion of mutation]
  2970 | D:4      | Paralysed by Grinder for 4 turns
  2982 | D:4      | Paralysed by Grinder for 7 turns
  2992 | D:4      | Paralysed by Grinder for 2 turns
  3003 | D:4      | Killed from afar by Grinder

Skill      XL: |  1  2  3  4  5  6 |
---------------+-------------------+-----
Spellcasting   | 2 |  2.3
Necromancy     | 5 |  5.0
Dodging        | 3 |  3.1
Axes           | 2 3 4 |  4.0
Armour         | 2 3 4 |  4.3
Fighting       | 1 |  1.6
Stealth        | |  2.4

Action                   |  1- 3 |  4- 6 || total
-------------------------+-------+-------++-------
Melee: Club              |    48 |       ||    48
       Unarmed           |    12 |       ||    12
       Hand axe          |   137 |   282 ||   419
 Cast: Pain              |     3 |       ||     3
Evoke: Wand              |     1 |     4 ||     5
  Use: Scroll            |     8 |     4 ||    12
       Potion            |     2 |     2 ||     4
  Eat: Chunk             |     2 |     6 ||     8
Armor: Plate armour      |   190 |   236 ||   426
       Robe              |     2 |       ||     2
Dodge: Dodged            |    35 |    44 ||    79
Block: Other             |       |     7 ||     7
